 Dungeon Crawl Stone Soup version 0.16.0-18-g484a79e (webtiles) character file.

30 RobertPalmer the Caller (level 3, -1/21 HPs)
             Began as an Octopode Summoner on Mar 23, 2015.
             Slain by Jessica
             ... wielding a +6 dagger of holy wrath
              (6 damage)
             ... on level 2 of the Dungeon.
             The game lasted 00:01:52 (1652 turns).

RobertPalmer the Caller (Octopode Summoner)         Turns: 1652, Time: 00:01:52

Health: -1/21      AC:  1    Str:  7    XL:     3   Next: 18%
Magic:  6/6        EV: 12    Int: 17    God:
Gold:   57         SH:  0    Dex: 13    Spells: 2 memorised, 3 levels left

rFire  . . .     SeeInvis .     j - +0 short sword
rCold  . . .     Clarity  .     (no shield)
rNeg   . . .     SustAb   .     (helmet restricted)
rPois  .         Gourm    .     (no amulet)
rElec  .         Spirit   .     (no ring)
rCorr  .         Warding  .     (no ring)
rMut   .         Stasis   .     (no ring)
MR     .....                    (no ring)
Stlth  +++.......               (no ring)
                                (no ring)
                                (no ring)
                                (no ring)

@: not resistant to hostile enchantments, fairly stealthy
A: almost no armour, amphibious, 8 rings, constrict 8, camouflage 1, gelatinous
body 1
a: no special abilities


You were on level 2 of the Dungeon.
You were hungry.

You visited 1 branch of the dungeon, and saw 2 of its levels.

You collected 57 gold pieces.

Inventory:

Hand weapons
 j - a +0 short sword (weapon)
   (You took it off a kobold on level 1 of the Dungeon)
Jewellery
 a - a +3 ring of evasion {unknown}
   (You found it on level 1 of the Dungeon)
 e - an uncursed ring of magical power {unknown}
   (You found it on level 1 of the Dungeon)
Scrolls
 d - 2 scrolls of identify {unknown}
 g - a scroll of noise {unknown}
 k - a scroll of teleportation {unknown}
Potions
 f - a potion of agility {unknown}
 h - 2 potions of curing {unknown}
 l - a potion of lignification {unknown}
Books
 b - a book of Callings
Comestibles
 c - 2 bread rations {@e1}
 i - a meat ration {@e2}


   Skills:
 - Level 2.0 Dodging
 - Level 2.6 Stealth
 - Level 2.0 Spellcasting
 + Level 5.0 Summonings


You had 3 spell levels left.
You knew the following spells:

 Your Spells              Type           Power        Failure   Level  Hunger
a - Summon Small Mammal   Summ           ###.         2%          1    #......
c - Call Imp              Summ           ###.....     3%          2    ###....


Dungeon Overview and Level Annotations

Branches:
Dungeon (2/15)

Altars:

Annotations:
D:2 Jessica


Innate Abilities, Weirdness & Mutations

You cannot wear most types of armour.
You are amphibious.
You can wear up to eight rings at the same time.
You can use your tentacles to constrict many enemies at once.
Your skin changes colour to match your surroundings (Stealth).
Your rubbery body absorbs attacks (AC +1).


Message History

e - a steel ring
Found an escape hatch in the floor.
d - 2 scrolls labeled VEALIOSTRUTZ (gained 1) Done exploring.
Done exploring.
Done exploring.
Done exploring.
Done exploring.
(D) Dungeon
Where to? (? - help)
You see here a dagger.
There is a stone staircase leading down here.
You climb downwards.
A goblin comes into view. It is wielding a dagger.
There is a stone staircase leading up here.
The goblin shouts!
You hit the goblin.
You kill the goblin!
No target in view!
No target in view!
There is a stone staircase leading up here.
g - a scroll labeled BARA ZABIDWAEP You are feeling very hungry.
You now have 57 gold pieces (gained 6).
Found a stone staircase leading down.
A rat comes into view.
Found a stone staircase leading up.
A rat is nearby!
A rat is nearby!
A rat is nearby!
A goblin comes into view. It is wielding a club.
The helpless rat fails to defend itself.
You hit the rat.
You kill the rat!
You see here a rat corpse.
There isn't anything here!
There isn't anything here!
You see here a rat corpse.
You butcher the rat corpse.
You see here a chunk of flesh {@w0}.
Eat a chunk of flesh {@w0}? (ye/n/q/i?)
You continue eating.
The goblin shouts!
You continue eating.
Unknown command.
You hit the goblin.
You kill the goblin!
Your Summonings skill increases to level 5!
You see here a club.
A quokka comes into view.
A quokka is nearby!
A quokka is nearby!
A quokka is nearby!
A quokka is nearby!
The helpless quokka fails to defend itself.
You hit the quokka. Your grab misses the quokka.
Your squeeze misses the quokka. The quokka barely misses you.
You miss the quokka. Your grab misses the quokka. The quokka bites you.
You take 5 damage, and have 16/21 hp.
MASSIVE DAMAGE!!
You hit the quokka.
You kill the quokka!
A rat comes into view.
You see here a quokka corpse.
A rat is nearby!
You hit the rat. Your grab misses the rat. The rat bites you.
You take 2 damage, and have 14/21 hp.
You hit the rat.
You kill the rat!
You start resting.
You are feeling hungry.
You regained 4 hp, and now have 18/21 hp.
Unknown command.
You see here a rat corpse.
Jessica the Apprentice Sorceress comes into view.
She is wielding a dagger of holy wrath.
Jessica shouts!
Jessica hits you with a dagger of holy wrath.
You take 2 damage, and have 17/21 hp.
Jessica misses you.
You hit Jessica. You grab Jessica.
You constrict Jessica, but do no damage.
Jessica gestures wildly while chanting.
Jessica struggles to blink free from constriction.
You hit Jessica but do no damage.
You constrict Jessica, but do no damage.
Jessica shouts, "I don't like beings like you!"
Jessica hits you with a dagger of holy wrath.
Jessica barely misses you.
You take 6 damage, and have 11/21 hp.
MASSIVE DAMAGE!!
You hit Jessica but do no damage. You constrict Jessica.
Jessica hits you with a dagger of holy wrath.
* * * LOW HITPOINT WARNING * * *
You take 6 damage, and have 5/21 hp.
MASSIVE DAMAGE!!
Read which item? (? for menu, Esc to quit)
Okay, then.
You hit Jessica. You constrict Jessica.
Jessica hits you with a dagger of holy wrath.
You die...

#....###########.# #
....................
#.......†...# .#
....##†#.##.##+###.#
#<####.#.#.........#
....##.#.#.........#
....##.#.#.........###
.....................#
##..####.#.....@@..#...#
##..# #.#..)......#
....# #.#........##
##.## #.########## ##.#
#.# .#.# #.# .#.# #.#
...# #.# #..# #.#


You could see Jessica.

Vanquished Creatures
  A giant cockroach (D:1)
  4 hobgoblins (D:1)
  5 kobolds (D:1)
  A quokka (D:2)
  2 bats (D:1)
  2 giant newts (D:1)
  6 goblins
  5 rats
26 creatures vanquished.

Vanquished Creatures (collateral kills)
  A giant gecko (D:1)
  A hobgoblin (D:1)
  A kobold (D:1)
3 creatures vanquished.

Vanquished Creatures (others)
  A bat (D:1)
1 creature vanquished.

Grand Total: 30 creatures vanquished

Notes
Turn   | Place    | Note
--------------------------------------------------------------
     0 | D:1      | RobertPalmer, the Octopode Summoner, began the quest for the Orb.
     0 | D:1      | Reached XP level 1. HP: 11/11 MP: 3/3
   440 | D:1      | Reached XP level 2. HP: 10/17 MP: 4/4
   784 | D:1      | HP: 3/17 [kobold/short sword (5)]
  1160 | D:1      | Learned a level 2 spell: Call Imp
  1228 | D:1      | Reached XP level 3. HP: 16/21 MP: 3/6
  1533 | D:2      | Reached skill level 5 in Summonings
  1643 | D:2      | Noticed Jessica
  1651 | D:2      | HP: 5/21 [Jessica/dagger of holy wrath (6)]
  1652 | D:2      | Slain by Jessica

Action                   || total
-------------------------++-------
Melee: Club              ||    28
       Unarmed           ||     7
       Short sword       ||    26
 Cast: Summon Small Mamm ||    13
       Call Imp          ||     1
 Stab: Sleeping          ||     4
  Eat: Chunk             ||     2

Vault maps used:
D:1:      minmay_arrival_diagonal_passages, hangedman_decor_growths
D:2:      uniq_jessica

Table legend:
 A = Turns spent in this place as a percentage of turns spent in the entire game.
 B = Non-inter-level travel turns spent in this place as a percentage of non-inter-level travel turns spent in the entire game.
 C = Inter-level travel turns spent in this place as a percentage of turns spent in this place.
 D = Turns resting spent in this place as a percentage of non-inter-level travel turns spent in this place.
 E = Turns spent auto-exploring this place as a percentage of non-inter-level travel turns spent in this place.
 F = Non-inter-level travel turns spent in this place divided by the number of levels of this place that you've seen.
                   A       B       C       D       E      F
               +-------+-------+-------+-------+-------+----------------------
         Total | 100.0 | 100.0 |   0.3 |   4.1 |  10.1 | 193.0
       Dungeon | 100.0 | 100.0 |   0.3 |   4.1 |  10.1 | 193.0
               +-------+-------+-------+-------+-------+----------------------

Table legend:
 A = Kills in this place as a percentage of kills in entire the game.
 B = Kills by you in this place as a percentage of kills by you in the entire game.
 C = Kills by friends in this place as a percentage of kills by friends in the entire game.
 D = Other kills in this place as a percentage of other kills in the entire game.
 E = Experience gained in this place as a percentage of experience gained in the entire game.
 F = Experience gained in this place divided by the number of levels of this place that you have seen.
                   A       B       C       D       E      F
               +-------+-------+-------+-------+-------+----------------------
         Total | 100.0 | 100.0 | 100.0 |  -nan | 100.0 |  21.5
       Dungeon | 100.0 | 100.0 | 100.0 |  -nan | 100.0 |  21.5
               +-------+-------+-------+-------+-------+----------------------
